 Dungeon Crawl Stone Soup version 0.23-a0-644-gb60d84b635 (webtiles) character file.

167 HereIgoKillingAgain the Changer (level 5, -4/37 HPs)
             Began as a Demonspawn Transmuter on Jan 1, 2019.
             Slain by Edmund
             ... wielding a +0 flail of holy wrath
              (6 damage)
             ... on level 4 of the Dungeon.
             The game lasted 00:02:49 (3002 turns).

HereIgoKillingAgain the Changer (DsTm)              Turns: 3002, Time: 00:02:50

Health: -4/37      AC:  6    Str: 10 (11) XL:     5   Next: 23%
Magic:  8/8        EV: 12    Int: 15      God:
Gold:   189        SH:  0    Dex: 13      Spells: 2/8 levels left

rFire    . . .     SeeInvis .   e - +1 dagger (elec)
rCold    . . .     Gourm    +   (no shield)
rNeg     . . .     Faith    .   b - +1 robe
rPois    .         Spirit   .   (helmet restricted)
rElec    .         Reflect  .   m - +2 cloak
rCorr    .         Harm     .   (no gloves)
MR       .....                  (no boots)
Stlth    +.........             f - amulet of the gourmand
HPRegen  0.12/turn              (no ring)
MPRegen  0.11/turn              (no ring)

@: drained
A: claws 1, horns 1, talons 2, blink, MP-powered wands
a: Blink


You were on level 4 of the Dungeon.
You were not hungry.

You visited 1 branch of the dungeon, and saw 4 of its levels.

You collected 189 gold pieces.

Inventory:

Hand Weapons
 e - a +1 dagger of electrocution (weapon)
Missiles
 a - 53 arrows
Armour
 b - a +1 robe (worn)
 g - a scarf of spirit shield
 m - a +2 cloak (worn)
Jewellery
 c - an uncursed amulet of the acrobat
 f - an amulet of the gourmand (around neck)
Scrolls
 h - a scroll of fog
 j - 4 scrolls of remove curse
 k - 4 scrolls of teleportation
 o - 3 scrolls of fear {unknown}
 r - a scroll of enchant armour
 s - a scroll of identify
 t - a scroll of magic mapping {unknown}
 u - a scroll of immolation {unknown}
 v - a scroll of random uselessness {unknown}
Potions
 i - a potion of lignification {unknown}
 p - a potion of curing {unknown}
 q - a potion of brilliance {unknown}
Comestibles
 d - 9 rations


   Skills:
 - Level 1.0(0.9) Fighting
 - Level 1.7 Dodging
 + Level 3.8(3.7) Unarmed Combat
 - Level 2.0(1.9) Spellcasting
 * Level 4.2 Transmutations


You had 2 spell levels left.
You knew the following spells:

 Your Spells              Type           Power        Failure   Level  Hunger
a - Beastly Appendage     Tmut           ##....       4%          1    ##.....
b - Sticks to Snakes      Tmut           ##......     6%          2    ###....
c - Spider Form           Tmut/Pois      #.........   28%         3    ####...

Your spell library contained the following spells:

 Spells                   Type           Power        Failure   Level  Hunger
 Magic Dart               Conj           #...         22%         1    ##.....
 Blink                    Tloc           N/A          34%         2    ###....
 Call Imp                 Summ           #.......     34%         2    ###....
 Slow                     Hex            #.......     34%         2    ###....
 Conjure Flame            Conj/Fire      #.......     56%         3    ####...
 Mephitic Cloud           Conj/Pois/Air  #.......     56%         3    ####...
 Ice Form                 Ice/Tmut       #.......     67%         4    #####..
 Blade Hands              Tmut           ##........   73%         5    ######.


Dungeon Overview and Level Annotations

Branches:
Dungeon (4/15)
 Temple: D:4-7

Altars:

Annotations:
D:4 Edmund


Innate Abilities, Weirdness & Mutations

You have sharp fingernails.
You have razor-sharp toenails.
You have a pair of small horns on your head.
You can translocate small distances at will.
You expend magic power (3 MP) to strengthen your wands.


Message History

Edmund hits you with a +0 flail of holy wrath.
You convulse.
You are too injured to fight recklessly!
You are too injured to fight recklessly!
You hit Edmund but do no damage. You claw Edmund.
Edmund is moderately wounded.
You hit Edmund but do no damage. Your kick misses Edmund.
Edmund is moderately wounded.
Edmund hits you with a +0 flail of holy wrath.
* * * LOW HITPOINT WARNING * * *
You convulse!
* * * LOW HITPOINT WARNING * * *
A hobgoblin comes into view.
It was a potion of magic.
Magic courses through your body. Edmund closely misses you.
It was a potion of mutation.
You feel extremely strange.
You feel your magical essence link to your wands.
A pair of horns grows on your head!
You feel jittery.
Edmund hits you with a +0 flail of holy wrath.
You die...

#.# #.# #.#
#.# #.# #.#
#.# ########.#
#..g@@...#
#.###.########
#......#
..........#
#########.# .#
.# .. ##


You could see Edmund and a hobgoblin.

Vanquished Creatures
  An orc wizard (D:2)
  Crazy Yiuf (D:3)
  3 adders
  A howler monkey skeleton (D:4)
  2 dart slugs (D:2)
  7 orcs
  A giant cockroach (D:3)
  6 goblins
  5 hobgoblins
  2 jackals (D:2)
  5 bats
  5 kobolds (D:1)
  4 rats
43 creatures vanquished.

Vanquished Creatures (collateral kills)
  Terence (D:2)
1 creature vanquished.

Grand Total: 44 creatures vanquished

Notes
Turn   | Place    | Note
-------+----------+-------------------------------------------
     0 | D:1      | HereIgoKillingAgain the Demonspawn Transmuter began the
                  | quest for the Orb.
     0 | D:1      | Reached XP level 1. HP: 15/15 MP: 3/3
    40 | D:1      | Reached skill level 2 in Transmutations
   506 | D:1      | Gained mutation: You have sharp toenails. [demonic
                  | ancestry]
   506 | D:1      | Reached XP level 2. HP: 18/21 MP: 5/5
  1218 | D:1      | Learned a level 2 spell: Sticks to Snakes
  1241 | D:2      | Reached skill level 3 in Transmutations
  1241 | D:2      | Gained mutation: You have sharp fingernails. [demonic
                  | ancestry]
  1241 | D:2      | Reached XP level 3. HP: 16/26 MP: 3/6
  1293 | D:2      | Learned a level 3 spell: Spider Form
  1741 | D:2      | Noticed Terence
  1747 | D:2      | Killed Terence
  1747 | D:2      | Reached XP level 4. HP: 32/32 MP: 4/7
  2405 | D:3      | Found a runed door.
  2542 | D:3      | Noticed Crazy Yiuf
  2547 | D:3      | Killed Crazy Yiuf
  2547 | D:3      | Reached skill level 4 in Transmutations
  2547 | D:3      | Gained mutation: You have razor-sharp toenails. [demonic
                  | ancestry]
  2547 | D:3      | Reached XP level 5. HP: 27/37 MP: 5/8
  2984 | D:4      | Noticed Edmund
  2995 | D:4      | HP: 1/37 [Edmund/+0 flail of holy wrath (7)]
  3002 | D:4      | Gained mutation: You expend magic power (3 MP) to
                  | strengthen your wands. [potion of mutation]
  3002 | D:4      | Gained mutation: You have a pair of small horns on your
                  | head. [potion of mutation]
  3002 | D:4      | Gained mutation: You can translocate small distances at
                  | will. [potion of mutation]
  3002 | D:4      | Slain by Edmund

Vault maps used:
D:1:      dpeg_arrival_fog, minmay_misc_feat_ornament, solitary_fountain
D:2:      uniq_terence
D:3:      cheibrodos_old_hovel, minmay_liquid_box, uniq_crazy_yiuf_cottage
D:4:      minmay_misc_feat_cross, uniq_robin, uniq_edmund

Skill      XL: |  1  2  3  4 |
---------------+-------------+-----
Transmutations | 2 3 4 |  4.2
Unarmed Combat | 3 |  3.8
Fighting       | |  1.0
Dodging        | |  1.7
Spellcasting   | |  2.0

Action                   |  1- 3 |  4- 6 || total
-------------------------+-------+-------++-------
Melee: Dagger            |    73 |    69 ||   142
       Unarmed           |     6 |       ||     6
       Headbutt          |     1 |       ||     1
       Kick              |     8 |     9 ||    17
 Cast: Beastly Appendage |     1 |       ||     1
       Sticks to Snakes  |     1 |       ||     1
  Use: Potion            |     1 |     3 ||     4
       Scroll            |       |     7 ||     7
  Eat: Chunk             |     2 |     3 ||     5
       Ration            |       |     1 ||     1
Armor: Robe              |     7 |    14 ||    21
Dodge: Dodged            |    40 |    37 ||    77

Table legend:
 A = Non-vault XP
 B = Vault XP
 C = Vault XP percentage of total XP
 D = Non-vault monster count
 E = Vault monster count
 F = Vault count percentage of total count
                 A         B        C        D         E       F
            +---------+---------+-------+---------+---------+-------
      Total |     167 |      72 |  30.1 |      41 |       3 |   6.8
            +---------+---------+-------+---------+---------+-------
        D:1 |      17 |       0 |   0.0 |      11 |       0 |   0.0
        D:2 |      68 |      30 |  30.6 |      11 |       1 |   8.3
        D:3 |      44 |      42 |  48.8 |      13 |       2 |  13.3
        D:4 |      38 |       0 |   0.0 |       6 |       0 |   0.0
            +---------+---------+-------+---------+---------+-------
